 Dungeon Crawl Stone Soup version 0.30-a0-368-g86fb4627a9 (webtiles) character file.

Game seed: 6263651393797970823

496 Conn the Sneak (level 7, -15/43 HPs)
             Began as an Octopode Fire Elementalist on Nov 19, 2022.
             Demolished by a gnoll bouda
             ... wielding a +0 war axe
              (17 damage)
             ... on level 4 of the Dungeon.
             The game lasted 00:07:50 (3281 turns).

Conn the Sneak (Octopode Fire Elementalist)         Turns: 3281, Time: 00:07:51

Health: -15/43     AC:  1    Str:  7    XL:     7   Next: 15%
Magic:  1/12       EV: 10    Int: 20    God:
Gold:   204        SH:  0    Dex: 12    Spells: 7/13 levels left

rFire   + . .      SeeInvis .    g - +2 dagger (protect)
rCold   x . .      Faith    .    (no shield)
rNeg    . . .      Spirit   .    (helmet restricted)
rPois   .          Reflect  .    (no amulet)
rElec   .          Harm     .    f - ring of fire
rCorr   .          Rampage  .    (no ring)
Will    .....                    (no ring)
Stlth   ++++......               (no ring)
HPRegen 0.27/turn                (no ring)
MPRegen 0.13/turn                (no ring)
                                 (no ring)
                                 (no ring)

@: weakened, attractive, constricted
A: almost no armour, amphibious, 8 rings, camouflage 1, gelatinous body 1,
(nimble swimmer 1), tentacles
a: no special abilities


You were on level 4 of the Dungeon.
You visited 1 branch of the dungeon, and saw 4 of its levels.

You collected 204 gold pieces.

Inventory:

Hand Weapons
 c - a +0 vorpal dagger
 e - a +0 dagger of electrocution
 g - a +2 dagger of protection (weapon)
Missiles
 k - 6 silver javelins
 m - 10 poisoned darts
Jewellery
 f - a ring of fire (left tentacle)
Scrolls
 i - 2 scrolls of blinking {unknown}
 n - a scroll of teleportation {unknown}
 o - a scroll of amnesia {unknown}
 r - a scroll of magic mapping {unknown}
 t - a scroll of enchant weapon {unknown}
Potions
 a - 2 potions of magic
 b - a potion of attraction
 d - a potion of invisibility {unknown}
 h - a potion of flight {unknown}
 l - a potion of curing
 p - a potion of resistance {unknown}
 q - a potion of heal wounds {unknown}
 s - a potion of degeneration {unknown}


   Skills:
 + Level 1.0 Fighting
 + Level 1.5 Short Blades
 + Level 2.4 Dodging
 + Level 5.1 Stealth
 + Level 3.7 Spellcasting
 + Level 2.9 Conjurations
 + Level 4.8 Fire Magic


You had 7 spell levels left.
You knew the following spells:

 Your Spells              Type           Power      Damage    Failure   Level
a - Foxfire               Conj/Fire      100%       2x1d9     2%          1
b - Kindle Blastsparks    Fire/Tloc/Air  30%        2d12      21%         3
e - Scorch                Fire           68%        2d8       2%          2

Your spell library contained the following spells:

 Spells                   Type           Power      Damage    Failure   Level
 Magic Dart               Conj           60%        1d6       4%          1
 Inner Flame              Hex/Fire       20%        N/A       14%         3
 Call Imp                 Summ           3%         N/A       21%         2
 Dazzling Flash           Conj/Hex       18%        N/A       22%         3
 Mephitic Cloud           Conj/Pois/Air  7%         N/A       26%         3
 Flame Wave               Conj/Fire      28%        2d9       26%         4
 Olgreb's Toxic Radiance  Pois           3%         N/A       78%         4
 Yara's Violent Unravell  Hex/Tmut       1%         3d3       98%         5


Dungeon Overview and Level Annotations

Branches:
Dungeon (4/15)
 Temple: D:4-7

Altars:

Shops:
D:2 (

Portals:
Abyss: D:3

Annotations:
D:3 2 transporters, twist's ghost, amateur DsFi


Innate Abilities, Weirdness & Mutations

You cannot wear most types of armour.
You are amphibious.
You can wear up to eight rings at the same time.
Your skin changes colour to match your surroundings (Stealth+).
Your rubbery body absorbs attacks. (AC +1, EV +1)
((You are camouflaged when in or above water. (Stealth+)))
You have tentacles for arms and can constrict up to eight enemies at once.


Message History

Okay, then.
Okay, then.
Okay, then.
You hit the gnoll.
Your weapon exudes an aura of protection.
You grab the gnoll.
You squeeze the gnoll, but do no damage.
The gnoll is almost dead.
You constrict the gnoll, but do no damage.
The ball python closely misses you. x2; The gnoll closely misses you.
It was a potion of attraction.
You feel attractive to monsters.
You constrict the gnoll, but do no damage.
The ball python misses you. The ball python closely misses you.
The ball python bites you but does no damage.
The ball python grabs you. The ball python constricts you.
The gnoll escapes!
The gnoll bouda is attracted toward you.
The gnoll is attracted toward you.
Okay, then.
It was a potion of curing.
You feel better. The gnoll hits you with a +0 flail.
* * * LOW HITPOINT WARNING * * *
The ball python completely misses you. The ball python constricts you.
* * * LOW HITPOINT WARNING * * *
Okay, then.
You barely miss the gnoll. You grab the gnoll.
The gnoll is almost dead.
You constrict the gnoll.
You kill the gnoll!
The gnoll bouda hits you with a +0 war axe!
* * * LOW HITPOINT WARNING * * *
The ball python closely misses you. The ball python constricts you.
The gnoll closely misses you.
As you read the scroll labelled XIRUB UDINEMI, it crumbles to dust.
It is a scroll of brand weapon.
Your +0 dagger of draining emits a brilliant flash of light!
c - a +0 vorpal dagger The gnoll bouda gazes fiercely through you!
You feel as though you will be weak longer.
The gnoll bouda hits you with a +0 war axe!
You die...

... .... .. #..#
...##... ....##..##
## .....##.§##.##
......##.§...##
.......#Sgg...#
.........@)..##
.........#####
.##.....## ..# .
.........### ##
..##..
.##......#.###.##
......
##............#
....##
#....##..##...#
.##..#
#....###..#....# ..#
.###...............##


You could see a gnoll bouda, a gnoll (swift) and a ball python.

Vanquished Creatures
  A necrophage (D:4)
  3 hounds (D:4)
  Jessica (D:2)
  Natasha (thrice) (D:2)
  Terence (D:3)
  2 orc wizards
  3 gnolls (D:4)
  5 adders
  A worm (D:2)
  2 dart slugs
  10 orcs
  9 endoplasms
  3 giant cockroaches
  7 goblins
  5 hobgoblins
  3 jackals (D:3)
  4 kobolds
  3 quokkas
  8 ball pythons
  7 bats
  A frilled lizard (D:2)
  10 rats
92 creatures vanquished.

Vanquished Creatures (others)
  204 foxfires
204 creatures vanquished.

Grand Total: 296 creatures vanquished

Notes
Turn   | Place    | Note
-------+----------+-------------------------------------------
     0 | D:1      | Conn the Octopode Fire Elementalist began the quest for the
                  | Orb.
     0 | D:1      | Reached XP level 1. HP: 11/11 MP: 3/3
   161 | D:1      | Reached XP level 2. HP: 17/17 MP: 5/5
   235 | D:1      | Reached skill level 3 in Stealth
   472 | D:1      | Reached XP level 3. HP: 21/21 MP: 6/6
   674 | D:1      | Learned a level 2 spell: Scorch
   678 | D:1      | Learned a level 3 spell: Kindle Blastsparks
  1316 | D:2      | Noticed Natasha
  1323 | D:2      | Killed Natasha
  1324 | D:2      | Reached XP level 4. HP: 27/27 MP: 2/7
  1493 | D:2      | Noticed Natasha
  1497 | D:2      | Killed Natasha
  1498 | D:2      | Reached skill level 4 in Stealth
  1504 | D:2      | Noticed Natasha
  1512 | D:2      | Killed Natasha
  1513 | D:2      | Reached skill level 1 in Short Blades
  1513 | D:2      | Reached XP level 5. HP: 32/32 MP: 0/9
  1684 | D:2      | Found Kuxzim's Weapon Shop.
  1926 | D:2      | Noticed Jessica
  1930 | D:2      | Killed Jessica
  2127 | D:3      | Noticed a small abomination
  2270 | D:3      | Noticed Terence
  2374 | D:3      | Found a transporter.
  2429 | D:3      | Found a transporter.
  2606 | D:3      | Reached XP level 6. HP: 31/37 MP: 2/10
  2608 | D:3      | Got Methown's Anthology of Noxious Hexing
  2653 | D:3      | Killed Terence
  2740 | D:3      | Found a one-way gate to the infinite horrors of the Abyss.
  2740 | D:3      | Noticed twist's ghost (amateur DsFi)
  2970 | D:4      | Reached skill level 5 in Stealth
  3092 | D:4      | Reached XP level 7. HP: 42/42 MP: 4/12
  3170 | D:4      | Reached skill level 1 in Fighting
  3280 | D:4      | HP: 2/43 [gnoll bouda/+0 war axe (10)]
  3281 | D:4      | Demolished by a gnoll bouda

Illustrated notes

Levels and vault maps discovered:
D:1:      dpeg_cavernosity, layout_basic, minmay_misc_feat_rugged,
          kennysheep_minor_cross, minmay_vboxes
D:2:      layout_loops_cross, serial_shops, shop, uniq_natasha, uniq_jessica
D:3:      layout_basic, gammafunk_ghost_abyssal_escape, skrybe_limestone_x,
          uniq_terence
D:4:      layout_cave_pools, grunt_gozag_statues, kennysheep_generic_room_11

Skill      XL: |  1  2  3  4  5  6  7 |
---------------+----------------------+-----
Stealth        | 3 4 5 |  5.1
Short Blades   | 1 |  1.5
Fire Magic     | 4 |  4.8
Spellcasting   | 3 |  3.7
Conjurations   | 2 |  2.9
Fighting       | 1 |  1.0
Dodging        | |  2.4

Action                   |  1- 3 |  4- 6 |  7- 9 || total
-------------------------+-------+-------+-------++-------
Melee: Dagger            |    33 |    30 |     4 ||    67
       Constrict         |     9 |     6 |     2 ||    17
       Tentacles         |     3 |     3 |     1 ||     7
       Punch             |     1 |       |       ||     1
 Cast: Foxfire           |    24 |    91 |     7 ||   122
       Scorch            |       |     3 |     5 ||     8
  Use: Potion            |       |       |     2 ||     2
       Scroll            |       |       |     1 ||     1
 Stab: Sleeping          |    15 |     3 |       ||    18
Armor: Skin              |     2 |     8 |     1 ||    11
Dodge: Dodged            |     8 |    26 |    13 ||    47

Table legend: (Time is in decaauts)
 A = Elapsed time spent in this place.
 B = Non-inter-level travel time spent in this place.
 C = Inter-level travel time spent in this place.
 D = Time resting spent in this place.
 E = Time spent auto-exploring this place.
 F = Levels seen in this place.
 G = Mean time per level.
                   A        B        C        D        E       F      G
               +--------+--------+--------+--------+--------+-----+--------+
         Total |   3276 |   3195 |     81 |     77 |   2246 |   4 |  819.0 |
       Dungeon |   3276 |   3195 |     81 |     77 |   2246 |   4 |  819.0 |
               +--------+--------+--------+--------+--------+-----+--------+

Top non-repeatable levels by time:
     D:1: 1105 daAuts
     D:2: 1013 daAuts
     D:3: 919 daAuts
     D:4: 238 daAuts
